Map: Sonho Sempiterno LE

Players

SneaKyTurtle - Winner!

  • Race: Terran Terran
  • League: Diamond
  • Spawn Location: 7:00

Kwan

  • Race: Zerg Zerg
  • League: Gold
  • Spawn Location: 1:00

VOD

Have the link to the VOD?

Description

Time

  • Played on: July 12, 2020, 8:05 p.m.
  • Length: 10:14
Show
View Real Time Build Order
Export as new Build Order

SneaKyTurtle Terran - Winner!

Build Orders: Liberator Opening, Reaper Expand 

Get SALT Encoding   

  12  0:01  SCV  
  13  0:13  SCV  
  14  0:17  Supply Depot  
  14  0:25  SCV  
  15  0:38  SCV  
  15  0:40  Barracks  
  16  0:45  Refinery  
  16  0:50  SCV  
  17  1:03  SCV  
  18  1:15  SCV  
  19  1:27  Orbital Command  
  19  1:28  Reaper  
  20  1:43  Command Center  
  20  1:53  SCV  
  21  1:55  Supply Depot  
  21  2:01  Marine  
  22  2:05  SCV  
  23  2:11  Refinery  
  23  2:18  SCV  
  23  2:21  Barracks Reactor  
  24  2:24  Factory  
  24  2:30  SCV  
  25  2:42  SCV  
  26  2:54  SCV  
  26  2:55  Orbital Command  
  27  3:06  SCV  
  27  3:10  Barracks Tech Lab  
  27  3:12  Starport  
  28  3:16  Hellion x2  
  28  3:18  SCV  
  33  3:21  SCV  
  34  3:30  SCV  
  34  3:33  SCV  
  36  3:41  Hellion  
  36  3:42  SCV, Hellion, Supply Depot  
  36  3:43  Marine  
  36  3:45  SCV  
  43  3:49  Supply Depot  
  43  3:51  Liberator  
  43  3:55  SCV  
  46  4:04  SCV, Hellion x2  
  46  4:06  Stimpack  
  46  4:07  Marine  
  52  4:12  SCV  
  52  4:16  SCV  
  54  4:19  Supply Depot  
  54  4:33  Hellion x2  
  54  4:35  Starport Reactor  
  58  4:39  Marine  
  58  4:40  SCV x2  
  58  4:42  Supply Depot  
  61  4:48  Command Center  
  61  4:54  SCV x2  
  61  4:56  Marine  
  64  5:05  Supply Depot  
  64  5:06  SCV x2  
  66  5:17  Engineering Bay, Barracks  
  66  5:18  SCV  
  66  5:19  SCV, Engineering Bay, Refinery, Barracks  
  66  5:20  Refinery  
  68  5:24  Medivac  
  68  5:25  Medivac  
  68  5:26  Hellion x2, Marine  
  77  5:33  SCV x2  
  79  5:40  Supply Depot  
  79  5:42  Supply Depot  
  79  5:44  Marine  
  79  5:45  SCV  
  79  5:46  SCV  
  82  6:00  SCV x2  
  82  6:02  Orbital Command  
  84  6:07  Terran Infantry Weapons Level 1, Terran Infantry Armor Level 1  
  84  6:12  SCV  
  84  6:13  SCV  
  85  6:24  Orbital Command  
  85  6:27  Factory Tech Lab  
  85  6:35  Starport Reactor  
  85  6:36  SCV x2  
  85  6:38  Marine x5  
  92  6:41  Combat Shield  
  92  6:48  SCV x2  
  92  6:54  SCV  
  95  7:00  SCV x2, Refinery  
  97  7:01  Supply Depot  
  97  7:03  Refinery, Marine x3  
  97  7:04  Marine x2, Siege Tank  
  105  7:13  Armory  
  105  7:14  Medivac x2  
  109  7:21  Marine x2  
  109  7:22  Barracks  
  111  7:23  Barracks  
  111  7:24  Supply Depot  
  111  7:28  SCV x3  
  111  7:40  SCV x2, Marine x4  
  111  7:41  Siege Tank  
  111  7:43  Marine  
  121  7:46  Medivac  
  121  7:47  Medivac  
  121  7:48  SCV, Supply Depot  
  126  7:52  SCV  
  126  7:57  Marine x2  
  126  7:58  Marine x2  
  130  8:01  SCV  
  130  8:02  SCV  
  133  8:09  SCV, Marine  
  135  8:15  Marine x2  
  137  8:22  Barracks Reactor x2  
  137  8:26  SCV x3, Command Center  
  140  8:31  Supply Depot, Missile Turret  
  140  8:33  Supply Depot  
  140  8:34  Marine  
  141  8:39  Marine x3  
  141  8:40  SCV x3  
  147  8:52  Supply Depot, Missile Turret  
  147  8:53  Supply Depot  
  147  8:54  Supply Depot  
  147  9:13  Missile Turret  
  147  9:16  Supply Depot  
  144  9:19  Marine  
  144  9:20  Marine x2  
  144  9:21  Marine x6  
  144  9:22  Medivac x2, Siege Tank  
  144  9:23  SCV  
  144  9:24  SCV  
  160  9:33  Missile Turret  
  160  9:37  Marine x2  
  162  9:38  Marine  
  162  9:39  Refinery, Marine x2  
  165  9:46  Marine  
  165  9:47  Marine x2  
  170  10:00  Barracks x2  
  170  10:01  Barracks  
  170  10:02  Refinery  
Show
View Real Time Build Order
Export as new Build Order

Kwan Zerg 

Build Orders: Hatch First 

Get SALT Encoding   

  12  0:03  Drone  
  13  0:14  Overlord  
  13  0:22  Drone  
  14  0:42  Hatchery  
  13  0:46  Drone  
  13  0:49  Drone  
  15  1:01  Extractor  
  14  1:08  Spawning Pool  
  13  1:16  Drone  
  13  1:17  Drone  
  15  1:19  Drone  
  16  1:29  Drone  
  17  1:41  Drone  
  18  1:50  Drone  
  19  2:02  Overlord  
  19  2:04  Queen x2  
  23  2:11  Drone x2  
  25  2:15  Drone  
  26  2:27  Metabolic Boost  
  26  2:36  Zergling x2  
  26  2:37  Zergling x6  
  29  2:54  Drone x4  
  33  3:10  Hatchery  
  32  3:13  Overlord  
  32  3:14  Drone x2  
  34  3:31  Drone x4  
  34  3:33  Queen  
  40  3:36  Queen  
  41  3:51  Zergling x4  
  41  3:52  Overlord  
  41  3:53  Overlord x2  
  43  4:21  Drone x4  
  43  4:22  Drone  
  48  4:24  Overlord x2  
  48  4:29  Drone x4  
  48  4:31  Zergling x4  
  54  4:33  Queen x2  
  54  4:38  Queen  
  60  4:52  Drone x4  
  64  4:54  Drone x3  
  64  4:55  Zergling x2  
  68  5:06  Extractor  
  67  5:08  Extractor  
  67  5:09  Drone x3  
  67  5:10  Drone x3  
  72  5:24  Zergling x2  
  72  5:25  Zergling x8  
  77  5:38  Zergling x8  
  61  6:13  Zergling x2  
  61  6:14  Zergling x24  
  74  6:24  Roach Warren  
  73  6:37  Drone  
  73  6:38  Spore Crawler, Drone x5  
  78  6:40  Queen x2  
  78  6:41  Queen  
  84  6:55  Hatchery  
  83  7:11  Roach x3  
  89  7:29  Overlord x4  
  89  7:35  Overlord x2  
  89  7:36  Overlord, Evolution Chamber  
  88  7:47  Queen x3  
  88  8:09  Overlord x2  
  88  8:10  Roach x2  
  88  8:11  Roach x2  
  96  8:14  Extractor  
  95  8:22  Pneumatized Carapace  
  95  8:25  Zergling x2  
  95  8:26  Zergling x22  
  107  8:43  Drone  
  107  8:44  Drone x6  
  107  8:45  Drone x4  
  107  8:47  Roach  
  120  8:51  Lair  
  66  9:20  Roach x3  
  66  9:21  Zergling x20, Roach x2  
  64  9:36  Zergling x8  
  64  9:37  Zergling x12  
  62  9:47  Zergling x2  
  62  9:48  Zergling x6  
Tags
 
Add a new tag
Caveats
  • Supply blocks, unpowered buildings, or Contaminate may cause inaccurate times.
  • Supply counts are checked every 10 seconds.